 Dungeon Crawl Stone Soup version 0.28.0-45-g0d030f2227 (webtiles) character file.

Game seed: 17579736441799304692

195 VictoriousLee the Chopper (level 6, -5/47 HPs)
             Began as a Formicid Fighter on Apr 17, 2022.
             Killed by nerve-wracking pain
             ... invoked by a shadow imp
             ... summoned by Eustachio
              (14 damage)
             ... on level 4 of the Dungeon.
             The game lasted 00:07:05 (2907 turns).

VictoriousLee the Chopper (Formicid Fighter)        Turns: 2907, Time: 00:07:07

Health: -5/47      AC: 10    Str: 23    XL:     6   Next: 4%
Magic:  6/6        EV:  9    Int:  7    God:
Gold:   93         SH:  4    Dex: 10    Spells: 5/5 levels left

rFire   . . .      SeeInvis +   a - +0 war axe
rCold   . . .      Faith    .   c - +0 buckler
rNeg    . . .      Spirit   .   b - +0 scale mail
rPois   .          Reflect  .   (helmet unavailable)
rElec   .          Harm     .   (no cloak)
rCorr   .          Rampage  .   g - +1 pair of gloves
Will    .....                   j - +0 pair of boots
Stlth   ..........              (no amulet)
HPRegen 0.15/turn               (no ring)
MPRegen 0.10/turn               (no ring)

@: no status effects
A: permanent stasis, dig shafts and tunnels, antennae 3, four strong arms
a: Dig, Shaft Self


You were on level 4 of the Dungeon.
You visited 1 branch of the dungeon, and saw 4 of its levels.

You collected 93 gold pieces.

Inventory:

Hand Weapons
 a - a +0 war axe (weapon)
 q - a +0 hand axe
Missiles
 l - 66 stones
 o - 4 atropa-tipped darts
 r - 4 poisoned darts
Armour
 b - a +0 scale mail (worn)
 c - a +0 buckler (worn)
 g - a +1 pair of gloves (worn)
 j - a +0 pair of boots (worn)
Magical Staves
 y - a staff of poison
Jewellery
 u - a ring of ice
Wands
 x - a wand of acid (6)
Scrolls
 d - a scroll of brand weapon {unknown}
 e - 2 scrolls of teleportation {unknown}
 m - a scroll of noise {unknown}
 p - a scroll of identify {unknown}
 v - a scroll of magic mapping {unknown}
 w - a scroll of fog {unknown}
Potions
 f - a potion of flight {unknown}
 h - a potion of lignification {unknown}
 i - 2 potions of berserk rage {unknown}
 k - 2 potions of heal wounds {unknown}
 n - a potion of attraction {unknown}
 s - a potion of brilliance {unknown}
 t - 5 potions of curing {unknown}


   Skills:
 - Level 3.2 Fighting
 + Level 5.6 Axes
 - Level 3.2 Armour
 - Level 0.4 Dodging
 - Level 1.1 Stealth
 - Level 3.6 Shields


You had 5 spell levels left.
You didn't know any spells.
Your spell library was empty.

Dungeon Overview and Level Annotations

Branches:
Dungeon (4/15)
 Temple: D:4-7

Altars:

Shops:
D:3 [

Annotations:
D:4 Eustachio


Innate Abilities, Weirdness & Mutations

You cannot be hasted, slowed, berserked, paralysed or teleported.
You can dig through walls and to a lower floor.
You have a pair of large antennae on your head. (SInv)
Your four strong arms can wield two-handed weapons with a shield.


Message History

The white imp hits you but does no damage.
The river rat bites you but does no damage.
You closely miss the white imp.
The white imp is heavily wounded.
You closely miss the river rat. The white imp gestures at you.
The puff of frost hits you but does no damage.
The river rat bites you!
You hear a distant slurping noise.
You block the white imp's attack.
You barely miss the white imp.
The white imp is heavily wounded.
You barely miss the river rat. The river rat bites you.
The white imp barely misses you. The river rat closely misses you.
You hit Eustachio but do no damage.
Eustachio is severely wounded.
You hit the river rat. You barely miss the white imp.
Eustachio gestures wildly while chanting.
The white imp gestures at you. The puff of frost hits you!
The river rat barely misses you.
You barely miss Eustachio.
Eustachio is severely wounded.
You completely miss the white imp. You hit the shadow imp.
You closely miss the river rat. Eustachio hits you with a +0 rapier.
The white imp barely misses you. The river rat barely misses you.
The shadow imp barely misses you. Eustachio hits you with a +0 rapier.
You barely miss Eustachio.
Eustachio is severely wounded.
You hit the river rat. You closely miss the shadow imp.
You closely miss the white imp.
You hear a shout!
The white imp hits you.
* * * LOW HITPOINT WARNING * * *
The white imp freezes you.
* * * LOW HITPOINT WARNING * * *
A goblin comes into view. It is wielding a +0 club.
The river rat closely misses you. The shadow imp gestures at you.
Pain shoots through your body!
You die...

###### #.##.#########
#g@5.........# #.#@.#######.#
#.#r5# #.# ### #.#..##### #.#
.... #.#......###.###### .....
#.#......#........#
......######.#.....#........##
......'.@..)>#...............#
......###..#.#...#.#....<.#.##
..... #..#.##..#.########.#


You could see Eustachio, a river rat (summoned), a white imp (summoned), a
shadow imp (summoned) and a goblin.

Vanquished Creatures
  An orc priest (D:4)
  An iguana (D:3)
  4 gnolls (D:3)
  3 adders
  A white imp (D:3)
  4 dart slugs
  2 orcs (D:4)
  6 ball pythons
  7 endoplasms
  4 giant cockroaches
  4 goblins
  A hobgoblin (D:3)
  5 jackals
  3 kobolds
  3 quokkas
  5 bats
  3 rats
57 creatures vanquished.

Notes
Turn   | Place    | Note
-------+----------+-------------------------------------------
     0 | D:1      | VictoriousLee the Formicid Fighter began the quest for the
                  | Orb.
     0 | D:1      | Reached XP level 1. HP: 18/18 MP: 1/1
    78 | D:1      | Reached XP level 2. HP: 24/24 MP: 2/2
   395 | D:1      | Reached skill level 3 in Axes
   851 | D:1      | Reached XP level 3. HP: 29/29 MP: 3/3
  1926 | D:3      | Reached XP level 4. HP: 35/35 MP: 4/4
  1939 | D:3      | Reached skill level 4 in Axes
  1939 | D:3      | Reached skill level 1 in Stealth
  2027 | D:3      | Reached XP level 5. HP: 7/41 MP: 5/5
  2311 | D:3      | Found Iraipez's Armour Shoppe.
  2378 | D:3      | Reached skill level 5 in Axes
  2505 | D:3      | Found a faded altar of an unknown god.
  2865 | D:4      | Reached XP level 6. HP: 43/47 MP: 6/6
  2870 | D:4      | Noticed Eustachio
  2907 | D:4      | Killed from afar by a shadow imp

Illustrated notes

Levels and vault maps discovered:
D:1:      dpeg_arrival_erosion, layout_basic
D:2:      layout_basic
D:3:      layout_rooms, serial_shops, shop, hellmonk_ecumenical_altar_dog_temple
D:4:      layout_basic, chequers_serial_rivers_small_a, st_stairs_10,
          nicolae_shop_self_help, uniq_edmund, uniq_eustachio, uniq_menkaure,
          uniq_grinder, uniq_sigmund

Skill      XL: |  1  2  3  4  5 |
---------------+----------------+-----
Axes           | 3 4 5 |  5.6
Stealth        | 1 |  1.1
Fighting       | |  3.2
Armour         | |  3.2
Dodging        | |  0.4
Shields        | |  3.6

Action                   |  1- 3 |  4- 6 || total
-------------------------+-------+-------++-------
Melee: War axe           |    98 |    72 ||   170
  Use: Potion            |       |     1 ||     1
Armor: Scale mail        |    71 |    25 ||    96
Dodge: Dodged            |    54 |    39 ||    93
Block: Buckler           |    29 |    15 ||    44
